 Dungeon Crawl Stone Soup version 0.19.1-1-g22dce08 (webtiles) character file.

163 Kiturien the Shooter (level 5, -4/36 HPs)
             Began as a Centaur Arcane Marksman on Jan 20, 2017.
             Slain by Sigmund
             ... wielding a +1 scythe of protection
              (10 damage)
             ... on level 4 of the Dungeon.
             The game lasted 00:11:46 (2653 turns).

Kiturien the Shooter (Centaur Arcane Marksman)      Turns: 2653, Time: 00:11:46

Health: -4/36      AC:  6    Str: 14    XL:     5   Next: 20%
Magic:  6/6        EV:  9    Int: 12    God:
Gold:   232        SH:  0    Dex:  9    Spells: 1 memorised, 5 levels left

rFire  . . .     SeeInvis .     b - +2 dagger (speed)
rCold  . . .     Gourm    .     x - +0 leather armour
rNeg   . . .     Faith    .     (no shield)
rPois  .         Spirit   .     (no helmet)
rElec  .         Reflect  .     r - +1 cloak
rCorr  .         Harm     .     (no gloves)
MR     .....     Rnd*Tele +     (no barding)
Stlth  ..........               (no amulet)
                                (no ring)
                                (no ring)

@: very quick
A: hooves 3, deformed body, speed 2, frail 1, mutation resistance 1,
teleportitis 1, tough skin 3
a: no special abilities


You were on level 4 of the Dungeon.
You were hungry.

You visited 1 branch of the dungeon, and saw 4 of its levels.

You collected 232 gold pieces.

Inventory:

Hand Weapons
 a - a +0 shortbow
 b - a +2 dagger of speed (weapon)
 s - a +1 short sword of venom
Missiles
 d - 36 arrows
Armour
 e - a +0 robe
 p - a +0 scale mail
 r - a +1 cloak (worn)
 x - a +0 leather armour (worn)
Jewellery
 k - an uncursed ring of see invisible
Wands
 t - a wand of lightning (12/15)
Scrolls
 h - a scroll of magic mapping {unknown}
 l - a scroll of blinking {unknown}
 n - 3 scrolls of teleportation {unknown}
 u - a scroll of enchant armour {unknown}
 v - 2 scrolls of recharging {unknown}
 y - a scroll of noise {unknown}
 C - a scroll of remove curse {unknown}
Potions
 i - a potion of might
 j - a potion of flight
 o - a potion of heal wounds
 z - a potion of ambrosia {unknown}
 B - 2 potions of curing
Books
 c - a book of Debilitation

   Spells                             Type                      Level
   a - Corona                         Hexes                        1
   b - Slow                           Hexes                        2
   c - Gell's Gravitas                Hexes/Translocation          3
   d - Inner Flame                    Hexes/Fire                   3
   e - Cause Fear                     Hexes                        4
   f - Leda's Liquefaction            Hexes/Earth                  4
Comestibles
 f - 3 bread rations
 A - a beef jerky


   Skills:
 * Level 2.2 Fighting
 + Level 0.1 Short Blades
 * Level 5.8 Bows
 + Level 0.2 Armour
 + Level 1.5 Dodging
 + Level 1.1 Spellcasting
 + Level 3.1 Hexes


You had 5 spell levels left.
You knew the following spells:

 Your Spells              Type           Power        Failure   Level  Hunger
a - Corona                Hex            #......      14%         1    ##.....


Dungeon Overview and Level Annotations

Branches:
Dungeon (4/15)
 Temple: D:4-7

Altars:
Okawaru

Annotations:
D:4 Sigmund


Innate Abilities, Weirdness & Mutations

You have hooves in place of feet.
Armour fits poorly on your strangely shaped body.
You cover ground very quickly.
You have extremely tough skin. (AC +3)
You are frail. (-10% HP)
You are somewhat resistant to further mutation.
You are occasionally teleported next to monsters.


Message History

You completely miss Sigmund. Your kick misses Sigmund.
Sigmund hits you with a scythe of protection.
* * * LOW HITPOINT WARNING * * *
The orc barely misses you.
You hit Sigmund. You kick Sigmund, but do no damage.
Sigmund is lightly wounded.
You barely miss Sigmund. Your kick misses Sigmund.
Sigmund is lightly wounded.
The orc barely misses you.
You barely miss Sigmund.
Sigmund is lightly wounded.
Sigmund looks at you with fury. Sigmund gestures at you while chanting.
The magic dart hits you!
* * * LOW HITPOINT WARNING * * *
The orc barely misses you.
You hit Sigmund.
Sigmund is lightly wounded.
Sigmund hits you with a scythe of protection!
You die...

######
.....#
#....#
#....#
#....#
#....#
#@...#
#@...#
#.o..#
#....#
#.)..#
######


You could see Sigmund and an orc.

Vanquished Creatures
  Terence (D:3)
  3 gnolls (D:2)
  4 adders
  An ooze (D:1)
  3 orcs (D:3)
  6 bats
  A giant cockroach (D:2)
  10 goblins
  11 hobgoblins
  10 kobolds
  3 quokkas (D:2)
  A ball python (D:2)
  7 frilled lizards
  4 rats
65 creatures vanquished.

Notes
Turn   | Place    | Note
-------+----------+-------------------------------------------
     0 | D:1      | Kiturien the Centaur Arcane Marksman began the quest for the Orb.
     0 | D:1      | Reached XP level 1. HP: 16/16 MP: 2/2
   155 | D:1      | Reached skill level 3 in Bows
   157 | D:1      | Reached XP level 2. HP: 23/23 MP: 3/3
   770 | D:2      | Reached XP level 3. HP: 25/28 MP: 4/4
   870 | D:2      | Reached skill level 4 in Bows
   931 | D:2      | Found an iron altar of Okawaru.
  1182 | D:2      | Reached XP level 4. HP: 25/36 MP: 5/5
  1844 | D:3      | Reached skill level 5 in Bows
  1992 | D:3      | Noticed Terence
  2027 | D:3      | Killed Terence
  2027 | D:3      | Reached XP level 5. HP: 32/41 MP: 6/6
  2589 | D:4      | Gained mutation: You are frail. (-10% HP) [potion of mutation]
  2589 | D:4      | Gained mutation: You are somewhat resistant to further mutation. [potion of mutation]
  2589 | D:4      | Gained mutation: You are occasionally teleported next to monsters. [potion of mutation]
  2640 | D:4      | Noticed Sigmund
  2653 | D:4      | Slain by Sigmund

Skill      XL: |  1  2  3  4 |
---------------+-------------+-----
Hexes          | 3 |  3.1
Bows           | 3 4 5 |  5.8
Fighting       | 2 |  2.2
Short Blades   | |  0.1
Armour         | |  0.2
Dodging        | |  1.5
Spellcasting   | |  1.1

Action                   |  1- 3 |  4- 6 || total
-------------------------+-------+-------++-------
Melee: Dagger            |    19 |    23 ||    42
       Kick              |     4 |     6 ||    10
       Shortbow          |     4 |       ||     4
 Fire: Shortbow          |   102 |    95 ||   197
 Cast: Corona            |     3 |     1 ||     4
  Use: Scroll            |       |     6 ||     6
       Potion            |       |     2 ||     2
  Eat: Pizza             |       |     2 ||     2
Armor: Robe              |    12 |     5 ||    17
       Leather armour    |       |    22 ||    22
Dodge: Dodged            |    19 |    29 ||    48
